[Event "January 9 Early 2024"]
[Site "https://www.chess.com"]
[Date "2024.01.11"]
[Round "3"]
[White "Davidson, Kevin"]
[Black "Christiansen, Johan-Sebastian"]
[Result "0-1"]
[Board "49"]
[TimeControl "180+1"]
[WhiteFideId "2056810"]
[BlackFideId "1512668"]
[WhiteElo "2517"]
[BlackElo "2887"]
[WhiteTeam "USA"]
[BlackTeam "NOR"]
[WhiteClock "0:00:19"]
[BlackClock "0:01:32"]

1. e4 e5 2. Nf3 Nc6 3. Bb5 f5 4. Nc3 fxe4 5. Nxe4 d5 6. Nxe5 dxe4 7. Nxc6 Qd5 8. c4 Qd6 9. Nxa7+ Bd7 10. Qh5+ g6 11. Bxd7+ Qxd7 12. Qe5+ Kf7 13. Nb5 c6 14. Qxh8 Nf6 15. Nc3 Re8 16. O-O Bc5 17. Qxe8+ Qxe8 18. d4 exd3 19. Bf4 Qe6 20. b3 Qf5 21. Be3 Bxe3 22. fxe3 Qe5 23. Rac1 Qxe3+ 24. Kh1 Kg7 25. Rcd1 Ng4 26. Rf3 Qd4 27. Rdxd3 Nf2+ 28. Rxf2 Qxf2 0-1

[Event "January 9 Early 2024"]
[Site "https://www.chess.com"]
[Date "2024.01.11"]
[Round "3"]
[White "Kazakouski, Valery"]
[Black "Tabuenca Mendataurigoitia, Daniel"]
[Result "1-0"]
[Board "50"]
[TimeControl "180+1"]
[WhiteFideId "13507443"]
[BlackFideId "24563617"]
[WhiteElo "2842"]
[BlackElo "2561"]
[WhiteTeam "LTU"]
[BlackTeam "ESP"]
[WhiteClock "0:01:54"]
[BlackClock "0:00:02"]

1. Nf3 d6 2. d4 g6 3. g3 Bg7 4. Bg2 Nf6 5. O-O O-O 6. c4 Nbd7 7. Nc3 e5 8. e4 exd4 9. Nxd4 c6 10. h3 a5 11. Bf4 Nc5 12. Re1 Re8 13. Qc2 Nh5 14. Be3 Ne6 15. Nde2 Qc7 16. Rad1 b6 17. f4 Nc5 18. Bd4 a4 19. Bxg7 Nxg7 20. Qd2 Ba6 21. Qxd6 Qxd6 22. Rxd6 Bxc4 23. Rxc6 Nd3 24. Rb1 b5 25. b3 axb3 26. axb3 Nb4 27. Rb6 Bd3 28. Rb2 Ra1+ 29. Kh2 f5 30. e5 Re1 31. Nd4 Rd8 32. Ndxb5 Bxb5 33. Rxb5 Nd3 34. Rd2 Rc1 35. Nd5 1-0

[Event "January 9 Early 2024"]
[Site "https://www.chess.com"]
[Date "2024.01.11"]
[Round "3"]
[White "Makkar, Rajat"]
[Black "Cuenca Jimenez, Jose Fernando"]
[Result "0-1"]
[Board "51"]
[TimeControl "180+1"]
[WhiteFideId "36016810"]
[BlackFideId "2255570"]
[WhiteElo "2469"]
[BlackElo "2684"]
[WhiteTeam "FRA"]
[BlackTeam "ESP"]
[WhiteClock "0:01:31"]
[BlackClock "0:00:59"]

1. Nf3 Nf6 2. d4 g6 3. g3 Bg7 4. Bg2 O-O 5. O-O d6 6. c4 Nc6 7. Nc3 Bf5 8. Nh4 Bd7 9. b3 e5 10. d5 Ne7 11. e4 Ne8 12. Bb2 f5 13. exf5 gxf5 14. f4 exf4 15. Rxf4 Ng6 16. Nxg6 hxg6 17. Qc2 Nf6 18. Ne2 Ng4 19. Bxg7 Kxg7 20. h3 Qf6 21. Qc1 Ne5 22. Rf1 Nd3 23. Qd2 Nc5 24. Nd4 Rae8 25. Rae1 Re5 26. b4 Na6 27. a3 Rfe8 28. Nf3 Rxe1 29. Rxe1 Rxe1+ 30. Qxe1 Nb8 31. Qe3 b6 32. Nd4 Qe5 33. Qxe5+ dxe5 34. Nb5 Bxb5 35. cxb5 Nd7 36. Kf2 Nf6 37. Ke3 Nh5 38. g4 Nf4 39. Bf1 Nxd5+ 40. Kd3 Nf4+ 41. Ke3 Kf6 42. gxf5 gxf5 0-1

[Event "January 9 Early 2024"]
[Site "https://www.chess.com"]
[Date "2024.01.11"]
[Round "3"]
[White "Aravindh, Chithambaram VR."]
[Black "Barria Santos, Jose Guilherme"]
[Result "1-0"]
[Board "52"]
[TimeControl "180+1"]
[WhiteFideId "5072786"]
[BlackFideId "1939300"]
[WhiteElo "2922"]
[BlackElo "2523"]
[WhiteTeam "IND"]
[BlackTeam "POR"]
[WhiteClock "0:00:51"]
[BlackClock "0:01:01"]

1. b3 Nf6 2. Bb2 g6 3. e4 d6 4. Nf3 Bg7 5. g3 e5 6. Nc3 O-O 7. Bg2 c6 8. O-O Re8 9. d4 Nbd7 10. Re1 Qc7 11. a4 b6 12. d5 cxd5 13. exd5 a6 14. Nd2 Nc5 15. Nc4 Bd7 16. a5 bxa5 17. Nxa5 Bf5 18. Nc6 h5 19. b4 Ncd7 20. Na4 Nb6 21. Nxb6 Qxb6 22. Bc1 Bd7 23. Be3 Qb5 24. Ra5 Qb7 25. h3 Bxc6 26. dxc6 Qxb4 27. Qa1 d5 28. Rb1 Qc4 29. Rc5 Qe2 30. Re1 1-0

[Event "January 9 Early 2024"]
[Site "https://www.chess.com"]
[Date "2024.01.11"]
[Round "3"]
[White "Vila Dupla, Aurelio"]
[Black "Pandey Srishti"]
[Result "0-1"]
[Board "53"]
[TimeControl "180+1"]
[WhiteFideId "2203383"]
[BlackFideId "35093290"]
[WhiteElo "2180"]
[BlackElo "2475"]
[WhiteTeam "ESP"]
[BlackTeam "IND"]
[WhiteClock "0:00:02"]
[BlackClock "0:01:55"]

1. Nf3 Nf6 2. d4 d6 3. g3 g6 4. Bg2 Bg7 5. O-O O-O 6. c4 Nc6 7. Nc3 e5 8. dxe5 dxe5 9. Bg5 Be6 10. Nd5 e4 11. Nxf6+ Bxf6 12. Qxd8 Bxd8 13. Bxd8 exf3 14. Bxc7 fxg2 15. Kxg2 Rac8 16. Bd6 Rfd8 17. c5 b6 18. Rfc1 Nd4 19. e3 Nf5 20. Rd1 bxc5 21. Be5 Bd5+ 22. Kg1 Bf3 23. Rxd8+ Rxd8 24. Bc3 Nd6 25. h3 Ne4 26. Be1 f5 27. Kh2 c4 28. g4 fxg4 29. hxg4 Bxg4 30. Rc1 Rd1 31. Rxd1 Bxd1 0-1

[Event "January 9 Early 2024"]
[Site "https://www.chess.com"]
[Date "2024.01.11"]
[Round "3"]
[White "Vargas, Mauricio"]
[Black "Fernandez Hernandez, Gerardo"]
[Result "0-1"]
[Board "54"]
[TimeControl "180+1"]
[WhiteFideId "4404572"]
[BlackFideId "2207400"]
[WhiteElo "1841"]
[BlackElo "2317"]
[WhiteTeam "COL"]
[BlackTeam "ESP"]
[WhiteClock "0:00:56"]
[BlackClock "0:01:09"]

1. e4 e6 2. f4 d5 3. e5 c5 4. Nf3 Nc6 5. Bb5 Bd7 6. Bxc6 Bxc6 7. O-O h5 8. d3 Nh6 9. Qe1 Nf5 10. Bd2 Be7 11. Nc3 b5 12. a4 a6 13. axb5 axb5 14. Rxa8 Qxa8 15. Qf2 b4 16. Ne2 h4 17. Rb1 Qa2 18. Qe1 d4 19. c3 h3 20. g4 Bxf3 21. gxf5 Bxe2 22. fxe6 Bxd3 23. Ra1 Qd5 24. Qg3 fxe6 25. Qxg7 Qg2+ 26. Qxg2 hxg2 27. Kxg2 dxc3 28. bxc3 b3 29. Ra8+ Bd8 30. Rb8 c4 31. Be3 Be4+ 32. Kg3 Kd7 33. h4 Bxh4+ 34. Kg4 Bf5+ 35. Kf3 Rxb8 0-1

[Event "January 9 Early 2024"]
[Site "https://www.chess.com"]
[Date "2024.01.11"]
[Round "3"]
[White "Kiselev, Vitalii"]
[Black "Kevlishvili, Robby"]
[Result "1/2-1/2"]
[Board "55"]
[TimeControl "180+1"]
[WhiteFideId "4194128"]
[BlackFideId "1040634"]
[WhiteElo "2774"]
[BlackElo "2973"]
[WhiteTeam "FID"]
[BlackTeam "NED"]
[WhiteClock "0:00:36"]
[BlackClock "0:01:16"]

1. e4 c5 2. Nc3 d6 3. d4 cxd4 4. Qxd4 Nc6 5. Bb5 Bd7 6. Bxc6 Bxc6 7. Bg5 Nf6 8. Bxf6 gxf6 9. O-O-O Bg7 10. Nf3 O-O 11. Kb1 f5 12. Qe3 Bxc3 13. Qxc3 Bxe4 14. Ng5 Rc8 15. Qh3 Bxc2+ 16. Ka1 f4 17. g3 f3 18. Qg4 Kh8 19. Rc1 Bg6 20. h4 Rxc1+ 21. Rxc1 h5 22. Qxf3 Qb6 23. Ne6 Rg8 24. Nf4 Qd4 25. Nxg6+ fxg6 26. Rc7 Rg7 27. Rxe7 Rxe7 28. Qf8+ Kh7 29. Qxe7+ Kh6 30. Qf8+ Kh7 31. Qf7+ Kh6 32. Qf8+ Kh7 33. Qf7+ Kh6 1/2-1/2

[Event "January 9 Early 2024"]
[Site "https://www.chess.com"]
[Date "2024.01.11"]
[Round "3"]
[White "De Pablo Pena, Miguel Angel"]
[Black "Garrido, Denis"]
[Result "0-1"]
[Board "56"]
[TimeControl "180+1"]
[WhiteFideId "2219123"]
[BlackFideId "601217"]
[WhiteElo "2172"]
[BlackElo "2403"]
[WhiteTeam "ESP"]
[BlackTeam "FRA"]
[WhiteClock "0:00:14"]
[BlackClock "0:01:47"]

1. e4 Nf6 2. e5 Nd5 3. d4 d6 4. c4 Nb6 5. f4 g6 6. Nf3 Bg7 7. Be2 O-O 8. O-O Be6 9. b3 c5 10. d5 Bg4 11. Bb2 N8d7 12. Nbd2 Qb8 13. Qc1 dxe5 14. fxe5 Nxe5 15. Ne4 Bxf3 16. Bxf3 Qc7 17. Rb1 Nd3 18. Qc2 Nxb2 19. Rxb2 Bd4+ 20. Kh1 Bxb2 21. Qxb2 Nd7 22. Ng5 Qe5 23. Qd2 Nf6 24. Re1 Qd6 25. Qf2 h6 26. Nh3 Kg7 27. Qh4 a6 28. Rf1 b5 29. Nf2 bxc4 30. bxc4 Rab8 31. Ne4 Nxe4 32. Bxe4 Rb2 33. h3 Qe5 34. Bf3 Rxa2 35. Re1 Ra1 36. Rxa1 Qxa1+ 37. Kh2 Qe5+ 38. Kh1 Rb8 39. g4 Rb1+ 0-1

[Event "January 9 Early 2024"]
[Site "https://www.chess.com"]
[Date "2024.01.11"]
[Round "3"]
[White "Janaszak, Dawid"]
[Black "Poddubnyi, Viktor"]
[Result "1-0"]
[Board "57"]
[TimeControl "180+1"]
[WhiteFideId "1119206"]
[BlackFideId "4141989"]
[WhiteElo "2627"]
[BlackElo "2428"]
[WhiteTeam "POL"]
[BlackTeam "RUS"]
[WhiteClock "0:01:28"]
[BlackClock "0:00:01"]

1. e4 g6 2. Nc3 Bg7 3. Bc4 e6 4. d4 Ne7 5. Bb3 d5 6. Nf3 c5 7. dxc5 Na6 8. exd5 Nxc5 9. d6 Nf5 10. Bf4 O-O 11. O-O Bd7 12. Ne5 Bc6 13. Nxc6 bxc6 14. Re1 Qd7 15. Qd2 Rad8 16. Rad1 Rfe8 17. Ne4 Nxe4 18. Rxe4 Bxb2 19. g4 Nh4 20. Qe2 f6 21. Rxe6 Kh8 22. Re1 Rxe6 23. Bxe6 Qg7 24. Bg3 1-0

[Event "January 9 Early 2024"]
[Site "https://www.chess.com"]
[Date "2024.01.11"]
[Round "3"]
[White "Onslow, Alfie"]
[Black "Skiadopoulos, Nikolaos"]
[Result "1-0"]
[Board "58"]
[TimeControl "180+1"]
[WhiteFideId "436976"]
[BlackFideId "4200772"]
[WhiteElo "2327"]
[BlackElo "1937"]
[WhiteTeam "ENG"]
[BlackTeam "GRE"]
[WhiteClock "0:01:01"]
[BlackClock "0:00:28"]

1. e4 c5 2. Nc3 Nc6 3. Bb5 Na5 4. Nf3 a6 5. Be2 Nc6 6. d4 cxd4 7. Nxd4 Nf6 8. O-O Nxd4 9. Qxd4 d6 10. f4 Bg4 11. Bxg4 Nxg4 12. Nd5 e6 13. Nb6 Rb8 14. Qa4+ Ke7 15. Qb3 Qc7 16. h3 Qc5+ 17. Kh1 Nf2+ 18. Rxf2 Qxf2 19. Be3 Qg3 20. Qc3 Kd8 21. Rd1 Be7 22. e5 Ke8 23. exd6 Bf6 24. d7+ Kd8 25. Qc8+ Ke7 26. Bc5# 1-0

[Event "January 9 Early 2024"]
[Site "https://www.chess.com"]
[Date "2024.01.11"]
[Round "3"]
[White "Giri, Anish"]
[Black "Lund, Gunnar"]
[Result "1-0"]
[Board "59"]
[TimeControl "180+1"]
[WhiteFideId "24116068"]
[BlackFideId "1520814"]
[WhiteElo "2990"]
[BlackElo "2653"]
[WhiteTeam "NED"]
[BlackTeam "NOR"]
[WhiteClock "0:00:44"]
[BlackClock "0:00:45"]

1. e4 d6 2. d4 Nf6 3. Nc3 e5 4. Nf3 exd4 5. Nxd4 Be7 6. Bf4 O-O 7. Qd2 a6 8. O-O-O b5 9. f3 c5 10. Nf5 Bxf5 11. exf5 Nc6 12. g4 Nd4 13. Qf2 b4 14. Ne2 Qa5 15. Kb1 Nb5 16. g5 Nd5 17. Rxd5 Rfe8 18. f6 Bf8 19. Nc1 Qc7 20. Bc4 Reb8 21. fxg7 Bxg7 22. Rf5 Kh8 23. Rxf7 Qa5 24. Rxg7 Kxg7 25. Qh4 Rf8 26. g6 h5 27. Qe7+ 1-0

[Event "January 9 Early 2024"]
[Site "https://www.chess.com"]
[Date "2024.01.11"]
[Round "3"]
[White "Abrosimov, Vladimir"]
[Black "Albuquerque Junior,Wellington S."]
[Result "0-1"]
[Board "60"]
[TimeControl "180+1"]
[WhiteFideId "4166892"]
[BlackFideId "2151480"]
[WhiteElo "2187"]
[BlackElo "2412"]
[WhiteTeam "RUS"]
[BlackTeam "BRA"]
[WhiteClock "0:00:51"]
[BlackClock "0:00:56"]

1. c4 Nf6 2. Nc3 c5 3. g3 g6 4. Bg2 Bg7 5. d3 O-O 6. e4 d6 7. Nge2 Nc6 8. O-O Ne8 9. f4 Nc7 10. f5 Bd7 11. h3 Rb8 12. a4 a6 13. g4 b5 14. axb5 axb5 15. Rb1 bxc4 16. dxc4 Na6 17. Be3 Nab4 18. Nd5 Ne5 19. b3 e6 20. f6 exd5 21. fxg7 Kxg7 22. exd5 f5 23. Nf4 fxg4 24. hxg4 Nxg4 25. Bd2 Qh4 26. Bc3+ Kg8 27. Nh3 Qg3 28. Rf3 Qh2+ 29. Kf1 Bf5 30. Qe2 Bd3 31. Bxb4 Bxe2+ 32. Kxe2 Qxg2+ 0-1

[Event "January 9 Early 2024"]
[Site "https://www.chess.com"]
[Date "2024.01.11"]
[Round "3"]
[White "Winkels, Marcel"]
[Black "Zaksaite, Salomeja"]
[Result "1-0"]
[Board "61"]
[TimeControl "180+1"]
[WhiteFideId "1003887"]
[BlackFideId "12801496"]
[WhiteElo "2006"]
[BlackElo "2327"]
[WhiteTeam "NED"]
[BlackTeam "LTU"]
[WhiteClock "0:01:34"]
[BlackClock "0:00:02"]

1. e4 g6 2. d4 Bg7 3. Nc3 b6 4. Nf3 Bb7 5. Bd3 e6 6. O-O Ne7 7. Bg5 h6 8. Be3 O-O 9. Qd2 Kh7 10. Ne1 Nbc6 11. Ne2 d6 12. c3 e5 13. d5 Nb8 14. f4 f5 15. Ng3 fxe4 16. Bxe4 Nd7 17. f5 gxf5 18. Nxf5 Nxf5 19. Rxf5 Kg8 20. Bxh6 Rxf5 21. Bxf5 Qf6 22. Be6+ Kh8 23. Bxg7+ Qxg7 24. Nf3 Nf6 25. Ng5 Rf8 26. Rf1 Nh7 27. Nf7+ Rxf7 28. Rxf7 1-0

[Event "January 9 Early 2024"]
[Site "https://www.chess.com"]
[Date "2024.01.11"]
[Round "3"]
[White "Azar, Sebastien"]
[Black "Al-Tarboush, Ward"]
[Result "0-1"]
[Board "62"]
[TimeControl "180+1"]
[WhiteFideId "2640198"]
[BlackFideId "7601450"]
[WhiteElo "2434"]
[BlackElo "2635"]
[WhiteTeam "CAN"]
[BlackTeam "NOR"]
[WhiteClock "0:00:46"]
[BlackClock "0:01:22"]

1. e4 e6 2. d4 d5 3. Nc3 Nf6 4. e5 Nfd7 5. f4 c5 6. Nf3 Nc6 7. Bb5 a6 8. Bxc6 bxc6 9. O-O cxd4 10. Nxd4 c5 11. Nde2 g6 12. Ng3 Bg7 13. Nce2 O-O 14. c3 a5 15. Re1 Ba6 16. Be3 Rb8 17. Qd2 Qb6 18. b3 Rfd8 19. Rad1 f5 20. exf6 Nxf6 21. h3 Qc6 22. Bf2 a4 23. Nc1 axb3 24. axb3 Re8 25. Nd3 Bxd3 26. Qxd3 Rxb3 27. Qe3 d4 28. Qe2 Rxc3 29. Rc1 Rxc1 30. Rxc1 Nd5 31. Qe4 Qd6 32. Ne2 Nf6 33. Qf3 Rd8 34. g3 d3 35. Nc3 d2 36. Rd1 c4 37. Be3 Nd5 38. Nxd5 Qxd5 39. Qxd5 Rxd5 40. Rxd2 Rxd2 41. Bxd2 Bb2 0-1

[Event "January 9 Early 2024"]
[Site "https://www.chess.com"]
[Date "2024.01.11"]
[Round "3"]
[White "Sanhueza, Cristian"]
[Black "Zhuk, Valeriy"]
[Result "1-0"]
[Board "63"]
[TimeControl "180+1"]
[WhiteFideId "116815"]
[BlackFideId "24151254"]
[WhiteElo "2601"]
[BlackElo "2389"]
[WhiteTeam "ARG"]
[BlackTeam "RUS"]
[WhiteClock "0:00:30"]
[BlackClock "0:01:12"]

1. e4 c5 2. Nf3 e6 3. d4 cxd4 4. Nxd4 Nf6 5. Nc3 Nc6 6. Ndb5 Bb4 7. a3 Bxc3+ 8. Nxc3 d5 9. exd5 exd5 10. Bd3 O-O 11. O-O Bg4 12. f3 Qb6+ 13. Kh1 Bh5 14. Bg5 Ne4 15. Nxe4 dxe4 16. Bxe4 Qxb2 17. Rb1 Qxa3 18. Rxb7 Qa6 19. Rc7 Rac8 20. Rxc8 Rxc8 21. Bd3 Qa5 22. Bd2 Qc5 23. Qb1 Bg6 24. Qb7 Rd8 25. Re1 Bxd3 26. cxd3 h6 27. Rc1 Na5 28. Qa6 Qf2 29. Qxa5 Rxd3 30. Rc8+ Kh7 31. Qf5+ g6 32. Qxf7# 1-0

[Event "January 9 Early 2024"]
[Site "https://www.chess.com"]
[Date "2024.01.11"]
[Round "3"]
[White "Shevchuk, Olexandr"]
[Black "Van Kooten, Luuk"]
[Result "1-0"]
[Board "64"]
[TimeControl "180+1"]
[WhiteFideId "14113775"]
[BlackFideId "1006533"]
[WhiteElo "2496"]
[BlackElo "2273"]
[WhiteTeam "UKR"]
[BlackTeam "NED"]
[WhiteClock "0:01:40"]
[BlackClock "0:00:04"]

1. c4 e5 2. g3 Nf6 3. Bg2 c6 4. Nf3 e4 5. Nd4 d5 6. cxd5 cxd5 7. O-O Be7 8. b3 O-O 9. Bb2 Nc6 10. Nxc6 bxc6 11. d3 exd3 12. Qxd3 Be6 13. Nc3 Qa5 14. Rfd1 Rfd8 15. Rac1 Rac8 16. Na4 c5 17. Qd2 Qb5 18. e3 h6 19. Bf1 c4 20. Nc3 Qa5 21. Bg2 cxb3 22. axb3 Qb4 23. Nxd5 Nxd5 24. Rxc8 Rxc8 25. Bxd5 Qxd2 26. Rxd2 Bxd5 27. Rxd5 Rb8 28. Bd4 Rb7 29. Ra5 Rxb3 30. Rxa7 Rb1+ 31. Kg2 Bb4 32. h4 h5 33. Rb7 1-0

[Event "January 9 Early 2024"]
[Site "https://www.chess.com"]
[Date "2024.01.11"]
[Round "3"]
[White "Skurikhin, Dmitrij"]
[Black "Reprintsev, Alexander"]
[Result "0-1"]
[Board "65"]
[TimeControl "180+1"]
[WhiteFideId "4161297"]
[BlackFideId "14100541"]
[WhiteElo "2177"]
[BlackElo "2463"]
[WhiteTeam "RUS"]
[BlackTeam "UKR"]
[WhiteClock "0:01:11"]
[BlackClock "0:00:20"]

1. d4 d5 2. Nf3 Nc6 3. c4 e5 4. cxd5 Qxd5 5. e3 exd4 6. exd4 Bg4 7. Be3 Bxf3 8. gxf3 O-O-O 9. Nc3 Bb4 10. Bh3+ Kb8 11. O-O Qh5 12. Bg4 Qg6 13. Qb1 Nxd4 14. Qxg6 hxg6 15. Rfd1 c5 16. Bf4+ Ka8 17. Bc7 Re8 18. Rxd4 cxd4 19. Nd5 Re1+ 20. Rxe1 Bxe1 21. Kf1 Bd2 22. Ke2 Bc1 23. b3 f5 24. h3 fxg4 25. hxg4 Nf6 26. Ne7 Re8 27. Kd1 Rxe7 28. Kxc1 Rxc7+ 0-1

[Event "January 9 Early 2024"]
[Site "https://www.chess.com"]
[Date "2024.01.11"]
[Round "3"]
[White "Aradhya, Garg"]
[Black "Barbot, Pierre"]
[Result "1-0"]
[Board "66"]
[TimeControl "180+1"]
[WhiteFideId "25006746"]
[BlackFideId "663727"]
[WhiteElo "2711"]
[BlackElo "2303"]
[WhiteTeam "IND"]
[BlackTeam "FRA"]
[WhiteClock "0:01:30"]
[BlackClock "0:00:01"]

1. d4 Nf6 2. c4 g6 3. g3 Bg7 4. Bg2 d5 5. cxd5 Nxd5 6. e4 Nb6 7. Ne2 c5 8. d5 O-O 9. O-O e6 10. Nec3 Na6 11. h4 c4 12. a4 exd5 13. exd5 Nb4 14. a5 Nd7 15. Bg5 Qc7 16. Nd2 Ne5 17. Qa4 Ned3 18. Nb5 Qd7 19. Nxc4 a6 20. Nc3 Qxa4 21. Nxa4 Bf5 22. Rad1 f6 23. Be3 Rad8 24. d6 h5 25. Bxb7 Be6 26. Nc5 Bxc4 27. Nxd3 1-0

[Event "January 9 Early 2024"]
[Site "https://www.chess.com"]
[Date "2024.01.11"]
[Round "3"]
[White "Novak, Ratko"]
[Black "Korchynskyi, Mykola"]
[Result "0-1"]
[Board "67"]
[TimeControl "180+1"]
[WhiteFideId "14511827"]
[BlackFideId "34138005"]
[WhiteElo "2424"]
[BlackElo "2617"]
[WhiteTeam "CRO"]
[BlackTeam "UKR"]
[WhiteClock "0:00:58"]
[BlackClock "0:01:05"]

1. d4 d5 2. c4 e6 3. cxd5 exd5 4. Nc3 Nf6 5. f3 Bb4 6. Bg5 O-O 7. a3 Bxc3+ 8. bxc3 h6 9. Bh4 Re8 10. Qd2 Qd6 11. e3 Bf5 12. Bd3 Bxd3 13. Qxd3 Nbd7 14. Ne2 Qc6 15. O-O Nb6 16. Bf2 Nc4 17. Ng3 Re6 18. a4 Rae8 19. Rfe1 h5 20. Nf5 g6 21. Ng3 h4 22. Nf1 h3 23. gxh3 R6e7 24. Bh4 Qe6 25. Kg2 Nd6 26. Bxf6 Qxf6 27. Ng3 Qg5 28. Kf2 Qh6 29. Re2 Qxh3 30. Rg1 Qxh2+ 31. Rg2 Qh4 32. Kg1 Nc4 33. e4 dxe4 34. Qxc4 exf3 35. Rxe7 Rxe7 36. Nf5 Re1+ 0-1

[Event "January 9 Early 2024"]
[Site "https://www.chess.com"]
[Date "2024.01.11"]
[Round "3"]
[White "Sjugirov, Sanan"]
[Black "Yelisieiev, Yevhenii"]
[Result "1-0"]
[Board "68"]
[TimeControl "180+1"]
[WhiteFideId "4189302"]
[BlackFideId "14139642"]
[WhiteElo "2961"]
[BlackElo "2525"]
[WhiteTeam "HUN"]
[BlackTeam "GER"]
[WhiteClock "0:01:22"]
[BlackClock "0:00:26"]

1. e4 d6 2. d4 Nf6 3. Bd3 e5 4. c3 g6 5. Nf3 Nbd7 6. O-O Bg7 7. Re1 O-O 8. Bc2 Re8 9. Nbd2 exd4 10. cxd4 c5 11. Nc4 d5 12. Nd6 Re6 13. e5 Ne8 14. Nxf7 Kxf7 15. Ng5+ Ke7 16. Nxe6 Kxe6 17. Qg4+ Kf7 18. e6+ Kg8 19. exd7 Bxd7 20. Qf3 Bxd4 21. Qxd5+ Kh8 22. Be3 Bc6 23. Bxd4+ cxd4 24. Qxd8 Rxd8 25. Rad1 Ng7 26. Be4 Rd7 27. Bxc6 bxc6 28. b4 Nf5 29. Re6 Rb7 30. a3 Rb6 31. Kf1 Ra6 32. g4 Nh4 33. Rxd4 Rxa3 34. Rd7 Ra1+ 35. Ke2 Ra2+ 36. Kd3 Ra3+ 37. Kc4 1-0

[Event "January 9 Early 2024"]
[Site "https://www.chess.com"]
[Date "2024.01.11"]
[Round "3"]
[White "Sturt, Raven"]
[Black "Dominguez Perez, Leinier"]
[Result "1-0"]
[Board "69"]
[TimeControl "180+1"]
[WhiteFideId "2007304"]
[BlackFideId "3503240"]
[WhiteElo "2746"]
[BlackElo "2957"]
[WhiteTeam "USA"]
[BlackTeam "USA"]
[WhiteClock "0:01:11"]
[BlackClock "0:00:17"]

1. f4 d5 2. Nf3 Nf6 3. e3 e6 4. b3 Be7 5. Bb2 c5 6. Bb5+ Bd7 7. Bxd7+ Nbxd7 8. O-O O-O 9. d3 Qc7 10. Nbd2 Bd6 11. Qe2 e5 12. e4 d4 13. f5 Ng4 14. Nc4 b5 15. h3 bxc4 16. hxg4 c3 17. Bc1 a5 18. a4 Rab8 19. g5 Qc6 20. g4 c4 21. bxc4 Rb4 22. Qh2 Rxa4 23. Rb1 Ra2 24. Rf2 a4 25. Qh4 Re8 26. g6 fxg6 27. fxg6 Nf8 28. gxh7+ Kh8 29. Ng5 1-0

[Event "January 9 Early 2024"]
[Site "https://www.chess.com"]
[Date "2024.01.11"]
[Round "3"]
[White "Zhao, Jun"]
[Black "Liu, Casper"]
[Result "1-0"]
[Board "70"]
[TimeControl "180+1"]
[WhiteFideId "8602522"]
[BlackFideId "1454153"]
[WhiteElo "2775"]
[BlackElo "2473"]
[WhiteTeam "CHN"]
[BlackTeam "DEN"]
[WhiteClock "0:01:12"]
[BlackClock "0:00:31"]

1. e4 c5 2. Nf3 d6 3. Nc3 Nf6 4. Bb5+ Bd7 5. Qe2 e5 6. Bxd7+ Nbxd7 7. d3 g6 8. Bg5 Bg7 9. Nd2 O-O 10. Nc4 Qb8 11. Bxf6 Nxf6 12. a4 Re8 13. O-O Qd8 14. a5 d5 15. exd5 Nxd5 16. Nxd5 Qxd5 17. Qe4 Qxe4 18. dxe4 Rad8 19. c3 f5 20. f3 Rd3 21. Rfd1 Red8 22. Rxd3 Rxd3 23. Kf2 Kf7 24. Ke2 Rd7 25. a6 b5 26. Ne3 Ke6 27. Ra5 Rd6 28. Nd5 Bh6 29. Rxb5 fxe4 30. fxe4 Rd7 31. Rxc5 Bc1 32. Rc6+ Kf7 33. b4 1-0

[Event "January 9 Early 2024"]
[Site "https://www.chess.com"]
[Date "2024.01.11"]
[Round "3"]
[White "Kozak, Adam"]
[Black "Herman, Matthew"]
[Result "1-0"]
[Board "71"]
[TimeControl "180+1"]
[WhiteFideId "753246"]
[BlackFideId "2028964"]
[WhiteElo "2890"]
[BlackElo "2520"]
[WhiteTeam "HUN"]
[BlackTeam "USA"]
[WhiteClock "0:00:44"]
[BlackClock "0:00:11"]

1. e4 e5 2. a3 Nf6 3. Nc3 Bc5 4. Bc4 d6 5. d3 a5 6. Nh3 Bxh3 7. gxh3 g6 8. Qe2 Nh5 9. Qf3 f6 10. Ne2 Nd7 11. Ng3 Ng7 12. h4 h5 13. Rg1 Nf8 14. Nf5 Rh7 15. Nxg7+ Rxg7 16. Bh6 Rh7 17. Bxf8 Kxf8 18. Rxg6 1-0

[Event "January 9 Early 2024"]
[Site "https://www.chess.com"]
[Date "2024.01.11"]
[Round "3"]
[White "Balla, Tamas-Kristof"]
[Black "Koshulyan, Egor A."]
[Result "0-1"]
[Board "72"]
[TimeControl "180+1"]
[WhiteFideId "1208497"]
[BlackFideId "24237000"]
[WhiteElo "2463"]
[BlackElo "2673"]
[WhiteTeam "ROU"]
[BlackTeam "RUS"]
[WhiteClock "0:00:19"]
[BlackClock "0:00:48"]

1. e4 c5 2. c3 Nf6 3. e5 Nd5 4. d4 cxd4 5. Nf3 Nc6 6. cxd4 d6 7. Bc4 e6 8. O-O Be7 9. Qe2 O-O 10. Rd1 Bd7 11. a3 Na5 12. Bxd5 exd5 13. Nc3 Be6 14. Bf4 Re8 15. Nb5 dxe5 16. Bxe5 Nc6 17. Bg3 Rc8 18. Rac1 Qb6 19. Ne5 Bf8 20. Qd3 Na5 21. Rxc8 Rxc8 22. Nc3 Qxb2 23. f4 Rxc3 0-1

[Event "January 9 Early 2024"]
[Site "https://www.chess.com"]
[Date "2024.01.11"]
[Round "3"]
[White "Mazurkiewicz, Michal"]
[Black "Domalchuk-Jonasson, Aleksandr"]
[Result "0-1"]
[Board "73"]
[TimeControl "180+1"]
[WhiteFideId "1124943"]
[BlackFideId "14142805"]
[WhiteElo "2430"]
[BlackElo "2630"]
[WhiteTeam "POL"]
[BlackTeam "ISL"]
[WhiteClock "0:00:02"]
[BlackClock "0:01:33"]

1. e4 d6 2. d4 Nc6 3. Nf3 Bg4 4. Be2 e5 5. c3 Nf6 6. Nbd2 Be7 7. O-O O-O 8. Re1 Re8 9. d5 Nb8 10. c4 c6 11. Qc2 Nbd7 12. Nf1 Rc8 13. Ne3 cxd5 14. Nxg4 Nxg4 15. exd5 Qb6 16. Bf1 e4 17. Rxe4 Ndf6 18. Rd4 Ne5 19. Be3 Nxf3+ 20. gxf3 Qd8 21. Bd3 g6 22. Kh1 Nd7 23. Rg1 Bf6 24. Bxg6 fxg6 25. Rxg6+ hxg6 26. Qxg6+ Bg7 27. Rg4 Qf6 28. Qh5 Qxf3+ 29. Kg1 Rxe3 30. fxe3 Rf8 31. Rxg7+ Kxg7 32. Qg5+ Kh7 33. Qh4+ Kg6 0-1

[Event "January 9 Early 2024"]
[Site "https://www.chess.com"]
[Date "2024.01.11"]
[Round "3"]
[White "Hartikainen, Jarmo"]
[Black "Bueno, Alfeu Junior Varela"]
[Result "0-1"]
[Board "74"]
[TimeControl "180+1"]
[WhiteFideId "503134"]
[BlackFideId "2108879"]
[WhiteElo "2166"]
[BlackElo "2401"]
[WhiteTeam "FIN"]
[BlackTeam "BRA"]
[WhiteClock "0:00:03"]
[BlackClock "0:01:12"]

1. e4 e6 2. d4 d5 3. Nc3 Nf6 4. Bg5 Be7 5. e5 Nfd7 6. h4 O-O 7. Bd3 c5 8. Qh5 g6 9. Qh6 Re8 10. Bxe7 Rxe7 11. h5 Nf8 12. hxg6 fxg6 13. Nf3 a6 14. O-O-O c4 15. Be2 b5 16. Ng5 Bd7 17. Bg4 b4 18. Ne2 c3 19. Rd3 Nc6 20. Rdh3 Qa5 21. Bxe6+ Bxe6 22. Nxe6 Nxe6 23. Nf4 Qxa2 24. Kd1 Nxf4 25. Qxf4 cxb2 0-1